 Dungeon Crawl Stone Soup version 0.32-a0-814-g0968bab981 (webtiles) character file.

Game seed: 10407631941334739580

156 senseless the Trooper (level 5, -5/42 HPs)
             Began as a Coglin Berserker on Mar 22, 2024.
             Was a Believer of Trog.
             Slain by an iguana (7 damage)
             ... on level 4 of the Dungeon.
             The game lasted 00:05:47 (2319 turns).

senseless the Trooper (Coglin Berserker)            Turns: 2319, Time: 00:05:47

Health: -5/42      AC:  3    Str: 18    XL:     5   Next: 38%
Magic:  5/5        EV: 12    Int:  6    God:    Trog [**....]
Gold:   78         SH:  0    Dex: 15    Spells: 4/4 levels left

rFire   . . .        a - +0 falchion {Raúl}
rCold   . . .        c - +0 dagger {Bo}
rNeg    . . .        b - +0 animal skin
rPois   .            (no helmet)
rElec   .            l - scarf {harm}
rCorr   .            k - +0 pair of gloves
SInv    .            (no boots)
Will    .....        (amulet unavailable)
Stlth   +            (ring unavailable)
HPRegen 0.27/turn    (ring unavailable)
MPRegen 0.09/turn    (no gizmo)

%: harm (+30% outgoing, +20% incoming)
@: revved
A: off-hand wielding, slow wielding, warmup strikes, no jewellery
a: Invent Gizmo, Renounce Religion, Berserk, Trog's Hand


You were on level 4 of the Dungeon.
You worshipped Trog.
Trog was pleased with you.
You visited 1 branch of the dungeon, and saw 4 of its levels.

You collected 78 gold pieces.

Inventory:

Hand Weapons
 a - a +0 falchion (weapon) {Raúl}
 c - a +0 dagger (offhand) {Bo}
Missiles
 m - 2 boomerangs
 q - 4 poisoned darts (quivered)
Armour
 b - a +0 animal skin (worn)
 k - a +0 pair of gloves (worn)
 l - a scarf of harm (worn)
 p - a +0 ring mail
Scrolls
 d - a scroll of teleportation {unknown}
 e - a scroll of poison {unknown}
 h - 2 scrolls of enchant weapon {unknown}
 j - 2 scrolls of identify {unknown}
 o - 2 scrolls of amnesia {unknown}
 r - a scroll of enchant armour {unknown}
Potions
 f - a potion of attraction {unknown}
 g - a potion of mutation {unknown}
 i - 2 potions of haste {unknown}
 n - 3 potions of degeneration {unknown}


   Skills:
 * Level 4.0 Fighting
 * Level 3.9 Long Blades
 + Level 2.5 Armour
 * Level 2.9 Dodging


You had 4 spell levels left.
You didn't know any spells.
Your spell library was empty.

Dungeon Overview and Level Annotations

Branches:
Dungeon (4/15)
 Temple: D:4-7

Altars:
Elyvilon
Ru
Uskayaw

Shops:
D:3 (


Innate Abilities, Weirdness & Mutations

You can wield a second weapon in your off-hand.
It takes a long time for you to wield or remove held weapons.
Your first few attacks do less damage.
You cannot equip rings or amulets.


Message History

The iguana closely misses you.
You hit the iguana but do no damage. x2; The iguana closely misses you.
You hit the iguana with your +0 falchion.
The iguana is heavily wounded.
You hit the iguana but do no damage. The iguana bites you!
You barely miss the iguana with your +0 falchion.
The iguana is heavily wounded.
You barely miss the iguana with your +0 dagger.
The iguana barely misses you.
You closely miss the iguana with your +0 falchion.
The iguana is heavily wounded.
You hit the iguana but do no damage. The iguana bites you!
You are too injured to fight recklessly!
You are too injured to fight recklessly!
You are too injured to fight recklessly!
You are too injured to fight recklessly!
You are too injured to fight recklessly!
You are too injured to fight recklessly!
You are too injured to fight recklessly!
You are too injured to fight recklessly!
You are too injured to fight recklessly!
You are too injured to fight recklessly!
You are too injured to fight recklessly!
You are too injured to fight recklessly!
You are too injured to fight recklessly!
You closely miss the iguana with your +0 dagger.
The iguana is heavily wounded.
You hit the iguana but do no damage. The iguana bites you.
* * * LOW HITPOINT WARNING * * *
The endoplasm freezes you.
You are frozen.
* * * LOW HITPOINT WARNING * * *
You hit the iguana with your +0 dagger.
The iguana is heavily wounded.
You hit the iguana with your +0 falchion.
The endoplasm freezes you.
You are frozen.
* * * LOW HITPOINT WARNING * * *
The iguana bites you.
You die...

#
########.#.
#.....<....
#.#.......#
#..<...#
#......#
#@J....#
#l#.......
...........
##.##......#
#.# .#....#
#.# .#.#+##
#.# .. . #..


You could see an iguana and an endoplasm.

Vanquished Creatures
  A bombardier beetle (D:3)
  Jessica (D:3)
  A gnoll (D:1)
  2 adders (D:2)
  A ribbon worm (D:2)
  A dart slug (D:1)
  An orc (D:3)
  6 endoplasms
  2 giant cockroaches
  11 goblins
  5 hobgoblins
  4 kobolds
  4 quokkas
  7 ball pythons
  6 bats
  5 frilled lizards
  3 rats (D:1)
61 creatures vanquished.

Notes
Turn   | Place    | Note
-------+----------+-------------------------------------------
     0 | D:1      | senseless the Coglin Berserker began the quest for the Orb.
     0 | D:1      | Reached XP level 1. HP: 18/18 MP: 1/1
    83 | D:1      | Reached XP level 2. HP: 24/24 MP: 2/2
   402 | D:1      | Reached XP level 3. HP: 29/29 MP: 3/3
   866 | D:2      | Reached XP level 4. HP: 22/35 MP: 4/4
  1168 | D:2      | Reached ** piety under Trog
  1563 | D:3      | Noticed Jessica
  1566 | D:3      | Killed Jessica
  1625 | D:3      | Reached XP level 5. HP: 30/42 MP: 5/5
  1689 | D:3      | Found a hide-covered altar of Uskayaw.
  1693 | D:3      | Found a white marble altar of Elyvilon.
  1711 | D:3      | Found a sacrificial altar of Ru.
  1747 | D:3      | Reached skill level 4 in Fighting
  2119 | D:3      | Found Okheu's Antique Weapon Emporium.
  2319 | D:4      | HP: 2/42 [frozen (4)]
  2319 | D:4      | Slain by an iguana

Illustrated notes

Levels and vault maps discovered:
D:1:      dpeg_arrival_rhombi, layout_rooms, serial_glass, glass_columns_a,
          glass_columns_a, glass_columns_a, glass_columns_b, glass_columns_a,
          glass_columns_b, glass_columns_a, glass_columns_a, glass_columns_a,
          glass_columns_b, feat_on_display, hex_medium, interstate_on_off,
          nicolae_grassy_gnolls
D:2:      layout_loops_ring, kennysheep_path_1, grunt_ministairs_5
D:3:      layout_loops_ring, minmay_overflow_temple_star_quad, serial_shops,
          nicolae_shop_back_alley_shop, uniq_jessica
D:4:      layout_basic, hangedman_decor_lopped, cheibrodos_gnoll_hut,
          uniq_edmund

Skill      XL: |  1  2  3  4  5 |
---------------+----------------+-----
Dodging        | 2 |  2.9
Armour         | 2 |  2.5
Fighting       | 4 |  4.0
Long Blades    | |  3.9

Action                     |  1- 3 |  4- 6 || total
---------------------------+-------+-------++-------
  Melee: Dagger            |    83 |    54 ||   137
         Falchion          |    83 |    52 ||   135
  Throw: Dart              |       |     4 ||     4
   Stab: Sleeping          |     1 |     4 ||     5
 Armour: Animal skin       |    34 |    26 ||    60
  Dodge: Dodged            |    56 |    30 ||    86

Table legend: (Time is in decaauts)
 A = Elapsed time spent in this place.
 B = Non-inter-level travel time spent in this place.
 C = Inter-level travel time spent in this place.
 D = Time resting spent in this place.
 E = Time spent auto-exploring this place.
 F = Levels seen in this place.
 G = Mean time per level.
                   A        B        C        D        E       F      G
               +--------+--------+--------+--------+--------+-----+--------+
         Total |   2321 |   2237 |     84 |      0 |   1854 |   4 |  580.2 |
       Dungeon |   2321 |   2237 |     84 |      0 |   1854 |   4 |  580.2 |
               +--------+--------+--------+--------+--------+-----+--------+

Top non-repeatable levels by time:
     D:2: 875 daAuts
     D:3: 745 daAuts
     D:1: 690 daAuts
     D:4: 9 daAuts
